 Dungeon Crawl Stone Soup version 0.18.1-6-gd335043 (webtiles) character file.

128 epen the Skirmisher (level 4, -6/35 HPs)
             Began as a Demonspawn Fighter on May 15, 2016.
             Killed by divine providence
             ... invoked by an orc priest
              (12 damage)
             ... on level 3 of the Dungeon.
             The game lasted 00:03:16 (2597 turns).

epen the Skirmisher (Demonspawn Fighter)            Turns: 2597, Time: 00:03:17

Health: -6/35      AC:  7    Str: 18    XL:     4   Next: 86%
Magic:  4/4        EV: 10    Int:  9    God:
Gold:   136        SH:  0    Dex: 12    Spells: 0 memorised, 3 levels left

rFire  . . .     SeeInvis .     n - +3 short sword
rCold  . . .     Gourm    .     b - +0 scale mail
rNeg   . . .     Faith    .     (no shield)
rPois  .         Spirit   .     (helmet restricted)
rElec  .         Dismiss  .     (no cloak)
rCorr  .         Reflect  .     (no gloves)
SustAt .         Harm     .     (no boots)
MR     .....                    (no amulet)
Stlth  ..........               (no ring)
                                (no ring)

@: not resistant to hostile enchantments, extremely unstealthy
A: antennae 1, icy blue scales 1, demonic guardian 1
a: no special abilities


You were on level 3 of the Dungeon.
You were hungry.

You visited 1 branch of the dungeon, and saw 3 of its levels.

You collected 136 gold pieces.

Inventory:

Hand Weapons
 a - a +0 long sword
 n - a +3 short sword (weapon)
 u - a +1 dagger of venom
Armour
 b - a +0 scale mail (worn)
 c - a +0 shield
Scrolls
 g - a scroll of fear {unknown}
 j - 4 scrolls of identify {unknown}
 o - a scroll of remove curse {unknown}
 s - a scroll of magic mapping {unknown}
 t - a scroll of fog {unknown}
Potions
 d - a potion of might
 e - a potion of brilliance {unknown}
 h - 2 potions of cure mutation {unknown}
 k - a potion of degeneration {unknown}
 l - a potion of heal wounds {unknown}
 m - 2 potions of curing {unknown}
 p - a potion of invisibility {unknown}
 w - a potion of haste {unknown}
 x - a potion of agility {unknown}
Comestibles
 f - a bread ration
 i - a royal jelly
 q - a beef jerky
 r - a slice of pizza
 v - a meat ration


   Skills:
 + Level 3.4 Fighting
 * Level 3.3 Long Blades
 + Level 3.0 Armour
 * Level 2.1 Dodging
 - Level 2.6 Shields


You had 3 spell levels left.
You didn't know any spells.

Dungeon Overview and Level Annotations

Branches:
Dungeon (3/15)

Altars:
Elyvilon
Fedhas
Gozag
Nemelex Xobeh
Yredelemnul


Innate Abilities, Weirdness & Mutations

You have a pair of small antennae on your head.
You are partially covered in icy blue scales (AC +1).
A weak demonic guardian rushes to your aid.


Message History

The orc priest hits you with a hand axe.
The orc hits you but does no damage.
Unknown command.
You hit the orc priest but do no damage.
The orc priest is heavily wounded.
The orc priest closely misses you. The orc barely misses you.
You hit the orc priest but do no damage.
The orc priest is heavily wounded.
The orc priest barely misses you. The orc hits you but does no damage.
You hit the orc priest but do no damage.
The orc priest is heavily wounded.
The orc priest invokes the aid of Beogh against you.
Pain shoots through your body!
* * * LOW HITPOINT WARNING * * *
The orc hits you but does no damage.
You hit the orc priest but do no damage.
The orc priest is heavily wounded.
The orc priest mumbles some strange prayers to Beogh against you.
Beogh smites you!
You die...

..........#####...##...
...........# ##^.)#####
........... #...#..##.
.......... #..)#...##
#........ #...#.♣.##
#.....######...#...##
#.#..........'...##>##.
#......5######....#####
##...o@## #.........
##..o## ##.####### #.).
#.#....## +...
#.#.##.## #...
#....#.## #...
#....#.## #...
#.##.#.## #...
#....#.## #....#.##


You could see an orc priest, an orc and a friendly crimson imp.

Vanquished Creatures
  An orc wizard (D:3)
  An adder (D:3)
  A gnoll (D:1)
  4 oozes
  2 worms (D:2)
  A giant gecko (D:1)
  5 orcs (D:3)
  3 bats
  6 giant cockroaches
  7 goblins
  7 hobgoblins
  6 kobolds
  A quokka (D:2)
  A giant newt (D:3)
  5 rats
51 creatures vanquished.

Vanquished Creatures (collateral kills)
  An orc (D:3)
1 creature vanquished.

Grand Total: 52 creatures vanquished

Notes
Turn   | Place    | Note
--------------------------------------------------------------
     0 | D:1      | epen the Demonspawn Fighter began the quest for the Orb.
     0 | D:1      | Reached XP level 1. HP: 18/18 MP: 1/1
    38 | D:1      | Gained mutation: You have a pair of small antennae on your head. [demonic ancestry]
    38 | D:1      | Reached XP level 2. HP: 20/24 MP: 2/2
    54 | D:1      | Reached skill level 1 in Dodging
   330 | D:1      | Gained mutation: You are partially covered in icy blue scales (AC +1). [demonic ancestry]
   330 | D:1      | Reached XP level 3. HP: 22/29 MP: 3/3
  1101 | D:2      | Found a white marble altar of Elyvilon.
  1170 | D:2      | Found a sparkling altar of Nemelex Xobeh.
  1218 | D:2      | Found an opulent altar of Gozag.
  1735 | D:2      | Found a basalt altar of Yredelemnul.
  2136 | D:3      | Gained mutation: A weak demonic guardian rushes to your aid. [demonic ancestry]
  2136 | D:3      | Reached XP level 4. HP: 35/35 MP: 4/4
  2331 | D:3      | Found a blossoming altar of Fedhas.
  2597 | D:3      | Killed from afar by an orc priest

Skill      XL: |  1  2  3  4 |
---------------+-------------+-----
Long Blades    | 2 3 |  3.3
Dodging        | 1 2 |  2.1
Armour         | 3 |  3.0
Fighting       | |  3.4
Shields        | |  2.6

Action                   |  1- 3 |  4- 6 || total
-------------------------+-------+-------++-------
Melee: Long sword        |    86 |       ||    86
       Short sword       |    50 |    66 ||   116
       Dagger            |       |     3 ||     3
  Eat: Chunk             |     2 |     3 ||     5
Armor: Scale mail        |    56 |    24 ||    80
Dodge: Dodged            |    65 |    32 ||    97
